Rangers vs Sabres

Created - December 14, 2015 at 17:43

Goals
1 2 3 T
Rangers 1 1 2 4
Sabres 0 1 0 1
Shots
1 2 3 T
Rangers 7 15 14 36
Sabres 6 11 19 36

1st period

1. Rangers , David Jones 3 (Lance Bouma, Brad Richards) at 9:19

Penalties :
Thomas Vanek (BUF) for Holding (Minor) at 2:20

2nd period

2. Sabres , Kyle Palmieri 5 (Josh Gorges, Jacob Josefson) at 2:13
3. Rangers , Tomas Tatar 8 (Kris Russell, Zemgus Girgensons) at 4:57 (PP)

Penalties :
Johnny Oduya (BUF) for Interference (Minor) at 4:09, Nino Niederreiter (BUF) for Tripping (Minor) at 6:46, Zemgus Girgensons (NYR) for Interference (Minor) at 6:46, Daniel Winnik (BUF) for Holding (Minor) at 12:05, Nazem Kadri (BUF) for Hooking (Minor) at 15:34

3rd period

4. Rangers , Tyler Ennis 8 (Zemgus Girgensons, Chris Tanev) at 0:59
5. Rangers , Mikael Backlund 3 (Kris Russell) at 7:33

Penalties :
Zemgus Girgensons (NYR) for Tripping (Minor) at 9:59

Goalie Stats

Brian Elliott (NYR), 35 saves from 36 shots - (0.972), W, 17-17-1, 60:00 minutes
Jhonas Enroth (BUF), 32 saves from 36 shots - (0.889), L, 2-5-1, 60:00 minutes

Players Stats for Rangers

Player Name              G  A  P  +/- PIM S  H  SB GA TA FO     MP     PP MP  PK MP  
------------------------------------------------------------------------------------
Alex Goligoski           0  0  0   2  0   0  2  3  0  0  0/0    23:07   4:05   0:51 
Anton Volchenkov         0  0  0  -1  0   0  0  1  0  0  0/0    12:07   0:00   0:00 
Benoit Pouliot           0  0  0   0  0   3  0  1  0  0  0/1    19:25   0:00   0:39 
Brad Richards            0  1  1   1  0   0  0  0  0  0  4/6     5:31   0:00   0:38 
Chris Tanev              0  1  1   2  0   3  1  1  0  0  0/0    19:39   2:40   0:00 
Craig Smith              0  0  0   0  0   1  0  0  0  0  0/0    14:03   3:42   0:00 
David Jones              1  0  1   1  0   2  1  0  0  0  0/0     4:45   0:00   0:00 
Eric Brewer              0  0  0  -1  0   0  0  0  0  0  0/0    14:02   0:00   1:08 
Jaromir Jagr             0  0  0   0  0   5  0  0  0  0  1/1    24:22   3:03   0:42 
Karl Alzner              0  0  0   1  0   0  1  0  0  0  0/0    24:46   2:40   1:08 
Kris Russell             0  2  2   1  0   0  0  5  0  0  0/0    26:19   4:05   0:51 
Lance Bouma              0  1  1   1  0   1  1  0  0  0  0/0     5:23   0:00   0:38 
Matt Calvert             0  0  0   0  0   2  0  0  0  0  0/1    10:13   0:00   0:00 
Mikael Backlund          1  0  1   1  0   3  0  0  0  0  1/1    15:33   0:00   0:00 
Sean Couturier           0  0  0   0  0   3  1  0  0  0  13/20  15:16   3:42   1:21 
Tomas Tatar              1  0  1   0  0   7  0  0  0  0  21/40  23:40   3:03   0:00 
Tyler Ennis              1  0  1   1  0   5  0  0  0  0  6/8    19:15   3:42   0:00 
Zemgus Girgensons        0  2  2   1  4   1  3  0  0  0  8/22   18:34   3:03   0:00 

Players Stats for Sabres

Player Name              G  A  P  +/- PIM S  H  SB GA TA FO     MP     PP MP  PK MP  
------------------------------------------------------------------------------------
Anthony Duclair          0  0  0   0  0   0  0  0  0  0  0/0     5:25   0:00   1:28 
Brad Boyes               0  0  0   0  0   2  0  0  0  0  6/15   10:43   0:34   4:21 
Brayden Schenn           0  0  0  -3  0   5  3  0  0  0  12/25  20:57   1:13   2:46 
Braydon Coburn           0  0  0   0  0   0  2  2  0  0  0/0    20:27   0:12   0:00 
Daniel Winnik            0  0  0  -3  2   1  1  0  0  0  1/2    17:57   0:00   2:51 
Francois Beauchemin      0  0  0  -2  0   0  0  1  0  0  0/0    21:07   1:13   3:31 
Jacob Josefson           0  1  1   1  0   1  0  0  0  0  7/15    9:51   0:00   0:00 
Johnny Oduya             0  0  0  -1  2   0  0  1  0  0  0/0    15:54   0:46   3:09 
Josh Gorges              0  1  1  -1  0   2  2  0  0  0  0/0    20:50   0:00   2:48 
Kris Versteeg            0  0  0   1  0   4  0  0  0  0  0/3    12:58   1:13   1:54 
Kyle Palmieri            1  0  1   1  0   7  1  0  0  0  0/1    14:34   0:46   0:00 
Kyle Turris              0  0  0   0  0   3  0  0  0  0  14/29  20:56   0:34   0:00 
Luke Schenn              0  0  0   0  0   0  0  0  0  0  0/0     0:00   0:00   0:00 
Nazem Kadri              0  0  0  -3  2   3  1  0  0  0  4/8    16:37   1:13   0:10 
Nino Niederreiter        0  0  0   0  2   1  1  0  0  0  1/1    20:33   0:12   0:00 
Oliver Ekman-Larsson     0  0  0   1  0   2  2  1  0  0  0/0    28:26   0:34   4:02 
Rasmus Ristolainen       0  0  0  -1  0   2  1  0  0  0  0/0    13:15   1:13   0:00 
Thomas Vanek             0  0  0   0  2   3  0  0  0  0  1/1    20:41   0:12   0:00 

3 Stars

1 - Brian Elliott (NYR)
2 - Kris Russell (NYR)
3 - David Jones (NYR)

Power Play

Rangers - 1 on 4 Attempt(s) - 25.00%
Sabres - 0 on 1 Attempt(s) - 0.00%

Penalty Kill

Rangers - 1 on 1 Attempt(s) - 100.00% - Score 0 goal in Penalty Kill
Sabres - 3 on 4 Attempt(s) - 75.00% - Score 0 goal in Penalty Kill

Team Stat

Rangers - Hits : 10 - Faceoff Wins : 54 - Blocked Shots : 11 - Penalty Minutes : 4
Sabres - Hits : 14 - Faceoff Wins : 46 - Blocked Shots : 5 - Penalty Minutes : 10

Official

Referees : Greg Kimmerly and Chris Lee
Linesman : Vaughan Rody and Darren Gibbs

Game Notes

No Game Note

Finance

Level 1 -- Attendance: 5726 (88.09%) -- Ticket Income $543,970
Level 2 -- Attendance: 4378 (87.56%) -- Ticket Income $328,350
Level 3 -- Attendance: 3007 (85.91%) -- Ticket Income $150,350
Level 4 -- Attendance: 2580 (84.04%) -- Ticket Income $77,400
Luxury Box -- Attendance: 1000 (100.00%) -- Ticket Income $205,000
Game was played at the First Niagara Center.
Total Attendance: 16691 (87.52%)
Total Ticket Income: $1,305,070
Other Income: $195,760
Total Income: $1,500,830

% Time on Ice - Rangers

Lines # - Real PCT - Wanted PCT - Time Play
Normal Forward
1 - 38% - 40% - 18:46
2 - 32% - 30% - 15:33
3 - 21% - 20% - 10:13
4 - 10% - 10% - 4:45
Normal Defense
1 - 38% - 40% - 18:47
2 - 34% - 30% - 16:59
3 - 25% - 20% - 12:07
4 - 3% - 10% - 1:24
PP Forward
1 - 45% - 60% - 3:03
2 - 55% - 40% - 3:42
PP Defense
1 - 60% - 60% - 4:05
2 - 40% - 40% - 2:40
PK Forward
1 - 68% - 60% - 1:21
2 - 32% - 40% - 0:38
PK Defense
1 - 43% - 60% - 0:51
2 - 57% - 40% - 1:08
PK3 Forward
1 - 0% - 60%
2 - 0% - 40%
PK3 Defense
1 - 0% - 60%
2 - 0% - 40%
44 Forward
1 - 93% - 60% - 1:51
2 - 7% - 40% - 0:08
44 Defense
1 - 61% - 60% - 1:12
2 - 39% - 40% - 0:47
Last Minute Offensive  - 0:00
Last Minute Defensive  - 0:00
Total
Forward - 60:00
Defense - 60:00

% Time on Ice - Sabres

Lines # - Real PCT - Wanted PCT - Time Play
Normal Forward
1 - 41% - 40% - 20:22
2 - 31% - 30% - 15:07
3 - 20% - 20% - 9:51
4 - 8% - 10% - 3:57
Normal Defense
1 - 41% - 40% - 20:15
2 - 30% - 30% - 14:54
3 - 23% - 20% - 11:30
4 - 5% - 10% - 2:38
PP Forward
1 - 39% - 60% - 0:46
2 - 61% - 40% - 1:13
PP Defense
1 - 39% - 60% - 0:46
2 - 61% - 40% - 1:13
PK Forward
1 - 72% - 60% - 4:51
2 - 28% - 40% - 1:54
PK Defense
1 - 59% - 60% - 3:57
2 - 41% - 40% - 2:48
PK3 Forward
1 - 0% - 60%
2 - 0% - 40%
PK3 Defense
1 - 0% - 60%
2 - 0% - 40%
44 Forward
1 - 93% - 60% - 1:51
2 - 7% - 40% - 0:08
44 Defense
1 - 75% - 60% - 1:29
2 - 25% - 40% - 0:30
Last Minute Offensive  - 0:00
Last Minute Defensive  - 0:00
Total
Forward - 60:00
Defense - 60:00

Play by Play

1st period


0:01 of 1st period - Tomas Tatar wins face-off versus Kyle Turris in neutral zone.
0:28 of 1st period - Shot by Kyle Turris.
0:28 of 1st period - Shot Misses the Net.
0:39 of 1st period - Icing by Kris Russell.
0:40 of 1st period - Tomas Tatar wins face-off versus Brayden Schenn in Rangers zone.
1:20 of 1st period - Zemgus Girgensons is hit by Josh Gorges and loses puck.
1:26 of 1st period - Icing by Francois Beauchemin.
1:27 of 1st period - Brayden Schenn wins face-off versus Sean Couturier in Sabres zone.
1:32 of 1st period - Shot by Craig Smith.
1:32 of 1st period - Stopped by Jhonas Enroth without a rebound.
1:33 of 1st period - Mikael Backlund wins face-off versus Jacob Josefson in Sabres zone.
1:36 of 1st period - Shot by Tyler Ennis.
1:36 of 1st period - Shot Misses the Net.
1:44 of 1st period - Shot by Kris Versteeg.
1:44 of 1st period - Shot Misses the Net.
1:50 of 1st period - Shot by Tyler Ennis.
1:50 of 1st period - Stopped by Jhonas Enroth without a rebound.
1:51 of 1st period - Sean Couturier wins face-off versus Kyle Turris in Sabres zone.
1:51 of 1st period - Sean Couturier is hit by Braydon Coburn.
2:20 of 1st period - Minor Penalty to Thomas Vanek for Holding.
2:21 of 1st period - Tomas Tatar wins face-off versus Brad Boyes in Sabres zone.
3:34 of 1st period - Oliver Ekman-Larsson is hit by Sean Couturier and loses puck.
4:26 of 1st period - Shot by David Jones.
4:26 of 1st period - Stopped by Jhonas Enroth without a rebound.
4:27 of 1st period - Brad Richards wins face-off versus Kyle Turris in Sabres zone.
5:26 of 1st period - Oliver Ekman-Larsson is hit by Alex Goligoski and loses puck.
5:43 of 1st period - Kris Versteeg is hit by Chris Tanev and loses puck.
5:48 of 1st period - Shot by Kris Versteeg.
5:48 of 1st period - Shot Misses the Net.
5:50 of 1st period - Shot by Josh Gorges.
5:50 of 1st period - Stopped by Brian Elliott with a rebound.
6:00 of 1st period - Shot by Kris Versteeg.
6:00 of 1st period - Shot Blocked by Benoit Pouliot.
6:02 of 1st period - Shot by Josh Gorges.
6:02 of 1st period - Shot Blocked by Alex Goligoski.
6:12 of 1st period - Shot by Kyle Palmieri.
6:12 of 1st period - Stopped by Brian Elliott without a rebound.
6:13 of 1st period - Nazem Kadri wins face-off versus Zemgus Girgensons in Rangers zone.
6:30 of 1st period - Shot by Nazem Kadri.
6:30 of 1st period - Shot Misses the Net.
7:50 of 1st period - Shot by Oliver Ekman-Larsson.
7:50 of 1st period - Deflect By Kyle Turris.
7:50 of 1st period - Shot Blocked by Kris Russell.
7:52 of 1st period - Shot by Braydon Coburn.
7:52 of 1st period - Deflect By Thomas Vanek.
7:52 of 1st period - Stopped by Brian Elliott without a rebound.
7:53 of 1st period - Sean Couturier wins face-off versus Kyle Turris in Rangers zone.
8:07 of 1st period - Shot by Matt Calvert.
8:07 of 1st period - Shot Blocked by Braydon Coburn.
8:09 of 1st period - Shot by Anton Volchenkov.
8:09 of 1st period - Shot Misses the Net.
9:03 of 1st period - Chris Tanev is hit by Rasmus Ristolainen and loses puck.
9:13 of 1st period - Icing by Johnny Oduya.
9:14 of 1st period - Brad Richards wins face-off versus Daniel Winnik in Sabres zone.
9:17 of 1st period - Shot by Brad Richards.
9:17 of 1st period - Deflect By Lance Bouma.
9:17 of 1st period - Stopped by Jhonas Enroth with a rebound.
9:19 of 1st period - Shot by David Jones.
9:19 of 1st period - Goal by David Jones - Rangers : 1 - Sabres : 0.
9:20 of 1st period - Jacob Josefson wins face-off versus Brad Richards in neutral zone.
9:46 of 1st period - Josh Gorges is hit by Lance Bouma and loses puck.
11:21 of 1st period - Icing by Karl Alzner.
11:22 of 1st period - Kyle Turris wins face-off versus Zemgus Girgensons in Rangers zone.
11:32 of 1st period - Icing by Nino Niederreiter.
11:33 of 1st period - Kyle Turris wins face-off versus Sean Couturier in Sabres zone.
12:16 of 1st period - Shot by Kyle Turris.
12:16 of 1st period - Shot Misses the Net.
12:42 of 1st period - Icing by Chris Tanev.
12:43 of 1st period - Zemgus Girgensons wins face-off versus Nazem Kadri in Rangers zone.
12:55 of 1st period - Chris Tanev is hit by Brayden Schenn and loses puck.
13:18 of 1st period - Shot by Mikael Backlund.
13:18 of 1st period - Shot Blocked by Oliver Ekman-Larsson.
13:20 of 1st period - Shot by Chris Tanev.
13:20 of 1st period - Stopped by Jhonas Enroth without a rebound.
13:21 of 1st period - Tomas Tatar wins face-off versus Jacob Josefson in Sabres zone.
13:56 of 1st period - Shot by Kris Versteeg.
13:56 of 1st period - Stopped by Brian Elliott with a rebound.
14:44 of 1st period - Shot by Kyle Turris.
14:44 of 1st period - Shot Misses the Net.
15:11 of 1st period - Icing by Eric Brewer.
15:12 of 1st period - Brayden Schenn wins face-off versus Tomas Tatar in Rangers zone.
15:29 of 1st period - Anton Volchenkov is hit by Oliver Ekman-Larsson.
16:19 of 1st period - Shot by Mikael Backlund.
16:19 of 1st period - Stopped by Jhonas Enroth without a rebound.
16:20 of 1st period - Sean Couturier wins face-off versus Kyle Turris in Sabres zone.
17:34 of 1st period - Shot by Kyle Palmieri.
17:34 of 1st period - Stopped by Brian Elliott without a rebound.
17:35 of 1st period - Zemgus Girgensons wins face-off versus Kris Versteeg in Rangers zone.
17:56 of 1st period - Shot by Kyle Palmieri.
17:56 of 1st period - Stopped by Brian Elliott without a rebound.
17:57 of 1st period - Brad Richards wins face-off versus Brayden Schenn in Rangers zone.
18:12 of 1st period - Shot by David Jones.
18:12 of 1st period - Shot Misses the Net.
18:26 of 1st period - Lance Bouma is hit by Brayden Schenn.
18:43 of 1st period - Off-side.
18:44 of 1st period - Nino Niederreiter wins face-off versus Zemgus Girgensons in neutral zone.
19:07 of 1st period - Shot by Thomas Vanek.
19:07 of 1st period - Shot Blocked by Anton Volchenkov.
19:49 of 1st period - Icing by Eric Brewer.
19:50 of 1st period - Brayden Schenn wins face-off versus Tyler Ennis in Rangers zone.
Goals for this period are 1 for Rangers vs 0 for Sabres.
Shots for this period are 7 for Rangers vs 6 for Sabres.

2nd period


0:01 of 2nd period - Kyle Turris wins face-off versus Tomas Tatar in neutral zone.
0:08 of 2nd period - Shot by Thomas Vanek.
0:08 of 2nd period - Stopped by Brian Elliott without a rebound.
0:09 of 2nd period - Tomas Tatar wins face-off versus Kyle Turris in Rangers zone.
0:22 of 2nd period - Shot by Jaromir Jagr.
0:22 of 2nd period - Shot Misses the Net.
0:25 of 2nd period - Tomas Tatar is hit by Braydon Coburn and loses puck.
1:34 of 2nd period - Shot by Brad Boyes.
1:34 of 2nd period - Shot Misses the Net.
1:36 of 2nd period - Shot by Kyle Palmieri.
1:36 of 2nd period - Shot Blocked by Alex Goligoski.
1:38 of 2nd period - Shot by Kyle Palmieri.
1:38 of 2nd period - Shot Misses the Net.
1:40 of 2nd period - Shot by Brad Boyes.
1:40 of 2nd period - Stopped by Brian Elliott without a rebound.
1:41 of 2nd period - Brayden Schenn wins face-off versus Zemgus Girgensons in Rangers zone.
1:42 of 2nd period - Shot by Nazem Kadri.
1:42 of 2nd period - Stopped by Brian Elliott without a rebound.
1:43 of 2nd period - Nazem Kadri wins face-off versus Zemgus Girgensons in Rangers zone.
2:04 of 2nd period - Shot by Daniel Winnik.
2:04 of 2nd period - Shot Misses the Net.
2:07 of 2nd period - Icing by Eric Brewer.
2:08 of 2nd period - Jacob Josefson wins face-off versus Zemgus Girgensons in Rangers zone.
2:13 of 2nd period - Shot by Kyle Palmieri.
2:13 of 2nd period - Goal by Kyle Palmieri - Rangers : 1 - Sabres : 1.
2:14 of 2nd period - Jacob Josefson wins face-off versus Tomas Tatar in neutral zone.
2:45 of 2nd period - Shot by Kris Versteeg.
2:45 of 2nd period - Stopped by Brian Elliott without a rebound.
2:46 of 2nd period - Kyle Turris wins face-off versus Zemgus Girgensons in Rangers zone.
3:40 of 2nd period - Off-side.
3:41 of 2nd period - Brayden Schenn wins face-off versus Tomas Tatar in neutral zone.
3:58 of 2nd period - Shot by Nazem Kadri.
3:58 of 2nd period - Shot Misses the Net.
4:08 of 2nd period - Shot by Tomas Tatar.
4:08 of 2nd period - Stopped by Jhonas Enroth without a rebound.
4:09 of 2nd period - Sean Couturier wins face-off versus Kris Versteeg in Sabres zone.
4:09 of 2nd period - Minor Penalty to Johnny Oduya for Interference.
4:10 of 2nd period - Tyler Ennis wins face-off versus Brad Boyes in Sabres zone.
4:22 of 2nd period - Off-side.
4:23 of 2nd period - Tomas Tatar wins face-off versus Brad Boyes in neutral zone.
4:25 of 2nd period - Off-side.
4:26 of 2nd period - Tomas Tatar wins face-off versus Brad Boyes in neutral zone.
4:39 of 2nd period - Shot by Kris Russell.
4:39 of 2nd period - Deflect By Tomas Tatar.
4:39 of 2nd period - Stopped by Jhonas Enroth with a rebound.
4:55 of 2nd period - Shot by Kris Russell.
4:55 of 2nd period - Shot Misses the Net.
4:57 of 2nd period - Shot by Tomas Tatar.
4:57 of 2nd period - Goal by Tomas Tatar - Rangers : 2 - Sabres : 1.
4:58 of 2nd period - Kyle Turris wins face-off versus Sean Couturier in neutral zone.
5:06 of 2nd period - Off-side.
5:07 of 2nd period - Kyle Turris wins face-off versus Sean Couturier in neutral zone.
5:17 of 2nd period - Icing by Karl Alzner.
5:18 of 2nd period - Sean Couturier wins face-off versus Jacob Josefson in Rangers zone.
6:35 of 2nd period - Shot by Tomas Tatar.
6:35 of 2nd period - Stopped by Jhonas Enroth with a rebound.
6:37 of 2nd period - Shot by Chris Tanev.
6:37 of 2nd period - Stopped by Jhonas Enroth without a rebound.
6:38 of 2nd period - Thomas Vanek wins face-off versus Zemgus Girgensons in Sabres zone.
6:44 of 2nd period - Kyle Turris is hit by Zemgus Girgensons and loses puck.
6:46 of 2nd period - Minor Penalty to Nino Niederreiter for Tripping.
6:46 of 2nd period - Minor Penalty to Zemgus Girgensons for Interference.
6:47 of 2nd period - Brad Boyes wins face-off versus Tomas Tatar in neutral zone.
7:18 of 2nd period - Shot by Tomas Tatar.
7:18 of 2nd period - Stopped by Jhonas Enroth without a rebound.
7:19 of 2nd period - Brad Boyes wins face-off versus Tomas Tatar in Sabres zone.
7:25 of 2nd period - Off-side.
7:26 of 2nd period - Tomas Tatar wins face-off versus Brad Boyes in neutral zone.
7:31 of 2nd period - Shot by Jaromir Jagr.
7:31 of 2nd period - Shot Misses the Net.
7:37 of 2nd period - Shot by Jaromir Jagr.
7:37 of 2nd period - Stopped by Jhonas Enroth with a rebound.
7:45 of 2nd period - Shot by Oliver Ekman-Larsson.
7:45 of 2nd period - Stopped by Brian Elliott without a rebound.
7:46 of 2nd period - Tomas Tatar wins face-off versus Brad Boyes in Rangers zone.
7:48 of 2nd period - Icing by Alex Goligoski.
7:49 of 2nd period - Brad Boyes wins face-off versus Tomas Tatar in Rangers zone.
7:52 of 2nd period - Shot by Brad Boyes.
7:52 of 2nd period - Stopped by Brian Elliott with a rebound.
8:00 of 2nd period - Shot by Jaromir Jagr.
8:00 of 2nd period - Stopped by Jhonas Enroth without a rebound.
8:01 of 2nd period - Brad Boyes wins face-off versus Tomas Tatar in Sabres zone.
8:10 of 2nd period - Shot by Francois Beauchemin.
8:10 of 2nd period - Deflect By Brayden Schenn.
8:10 of 2nd period - Stopped by Brian Elliott with a rebound.
8:20 of 2nd period - Shot by Jaromir Jagr.
8:20 of 2nd period - Stopped by Jhonas Enroth without a rebound.
8:21 of 2nd period - Brad Richards wins face-off versus Nazem Kadri in Sabres zone.
8:21 of 2nd period - Kris Russell is hit by Josh Gorges.
8:28 of 2nd period - Off-side.
8:29 of 2nd period - Tomas Tatar wins face-off versus Brad Boyes in neutral zone.
9:16 of 2nd period - Shot by Mikael Backlund.
9:16 of 2nd period - Shot Misses the Net.
9:18 of 2nd period - Shot by Zemgus Girgensons.
9:18 of 2nd period - Shot Misses the Net.
10:06 of 2nd period - Off-side.
10:07 of 2nd period - Tomas Tatar wins face-off versus Brayden Schenn in neutral zone.
10:26 of 2nd period - Shot by Tomas Tatar.
10:26 of 2nd period - Shot Misses the Net.
10:28 of 2nd period - Shot by Chris Tanev.
10:28 of 2nd period - Stopped by Jhonas Enroth without a rebound.
10:29 of 2nd period - Sean Couturier wins face-off versus Brad Boyes in Sabres zone.
10:47 of 2nd period - Shot by Kyle Palmieri.
10:47 of 2nd period - Stopped by Brian Elliott with a rebound.
11:00 of 2nd period - Off-side.
11:01 of 2nd period - Brayden Schenn wins face-off versus Tomas Tatar in neutral zone.
11:44 of 2nd period - Shot by Nazem Kadri.
11:44 of 2nd period - Shot Blocked by Alex Goligoski.
12:05 of 2nd period - Minor Penalty to Daniel Winnik for Holding.
12:06 of 2nd period - Tyler Ennis wins face-off versus Brad Boyes in Sabres zone.
12:19 of 2nd period - Shot by Alex Goligoski.
12:19 of 2nd period - Shot Misses the Net.
12:21 of 2nd period - Shot by Kris Russell.
12:21 of 2nd period - Shot Misses the Net.
12:23 of 2nd period - Shot by Alex Goligoski.
12:23 of 2nd period - Shot Blocked by Johnny Oduya.
12:31 of 2nd period - Shot by Tyler Ennis.
12:31 of 2nd period - Stopped by Jhonas Enroth without a rebound.
12:32 of 2nd period - Brad Boyes wins face-off versus Tomas Tatar in Sabres zone.
13:28 of 2nd period - Shot by Tyler Ennis.
13:28 of 2nd period - Stopped by Jhonas Enroth without a rebound.
13:29 of 2nd period - Tyler Ennis wins face-off versus Brayden Schenn in Sabres zone.
13:48 of 2nd period - Shot by Tyler Ennis.
13:48 of 2nd period - Stopped by Jhonas Enroth without a rebound.
13:49 of 2nd period - Tomas Tatar wins face-off versus Brayden Schenn in Sabres zone.
13:49 of 2nd period - Zemgus Girgensons is hit by Oliver Ekman-Larsson.
13:53 of 2nd period - Shot by Chris Tanev.
13:53 of 2nd period - Shot Misses the Net.
15:02 of 2nd period - Shot by Zemgus Girgensons.
15:02 of 2nd period - Stopped by Jhonas Enroth without a rebound.
15:03 of 2nd period - Jacob Josefson wins face-off versus Tomas Tatar in Sabres zone.
15:07 of 2nd period - Off-side.
15:08 of 2nd period - Tomas Tatar wins face-off versus Brayden Schenn in neutral zone.
15:08 of 2nd period - Benoit Pouliot is hit by Brayden Schenn and loses puck.
15:15 of 2nd period - Shot by Daniel Winnik.
15:15 of 2nd period - Stopped by Brian Elliott without a rebound.
15:16 of 2nd period - Daniel Winnik wins face-off versus Tomas Tatar in Rangers zone.
15:29 of 2nd period - Shot by Brayden Schenn.
15:29 of 2nd period - Shot Misses the Net.
15:34 of 2nd period - Minor Penalty to Nazem Kadri for Hooking.
15:35 of 2nd period - Brad Boyes wins face-off versus Tyler Ennis in Sabres zone.
17:01 of 2nd period - Off-side.
17:02 of 2nd period - Tyler Ennis wins face-off versus Brayden Schenn in neutral zone.
19:01 of 2nd period - Shot by Benoit Pouliot.
19:01 of 2nd period - Stopped by Jhonas Enroth without a rebound.
19:02 of 2nd period - Brayden Schenn wins face-off versus Zemgus Girgensons in Sabres zone.
19:34 of 2nd period - Shot by Brayden Schenn.
19:34 of 2nd period - Stopped by Brian Elliott without a rebound.
19:35 of 2nd period - Sean Couturier wins face-off versus Jacob Josefson in Rangers zone.
19:35 of 2nd period - Sean Couturier is hit by Kyle Palmieri.
19:52 of 2nd period - Off-side.
19:53 of 2nd period - Tomas Tatar wins face-off versus Kyle Turris in neutral zone.
Goals for this period are 1 for Rangers vs 1 for Sabres.
Shots for this period are 15 for Rangers vs 11 for Sabres.

3rd period


0:01 of 3rd period - Kyle Turris wins face-off versus Tomas Tatar in neutral zone.
0:32 of 3rd period - Shot by Kyle Turris.
0:32 of 3rd period - Stopped by Brian Elliott without a rebound.
0:33 of 3rd period - Zemgus Girgensons wins face-off versus Brayden Schenn in Rangers zone.
0:44 of 3rd period - Nazem Kadri is hit by Alex Goligoski and loses puck.
0:59 of 3rd period - Shot by Zemgus Girgensons.
0:59 of 3rd period - Deflect By Tyler Ennis.
0:59 of 3rd period - Goal by Tyler Ennis - Rangers : 3 - Sabres : 1.
1:00 of 3rd period - Sean Couturier wins face-off versus Jacob Josefson in neutral zone.
1:17 of 3rd period - Shot by Sean Couturier.
1:17 of 3rd period - Stopped by Jhonas Enroth without a rebound.
1:18 of 3rd period - Kyle Turris wins face-off versus Tomas Tatar in Sabres zone.
1:27 of 3rd period - Shot by Thomas Vanek.
1:27 of 3rd period - Stopped by Brian Elliott without a rebound.
1:28 of 3rd period - Brayden Schenn wins face-off versus Zemgus Girgensons in Rangers zone.
2:07 of 3rd period - Shot by Oliver Ekman-Larsson.
2:07 of 3rd period - Shot Misses the Net.
2:09 of 3rd period - Shot by Oliver Ekman-Larsson.
2:09 of 3rd period - Stopped by Brian Elliott with a rebound.
2:11 of 3rd period - Shot by Brayden Schenn.
2:11 of 3rd period - Stopped by Brian Elliott with a rebound.
2:13 of 3rd period - Shot by Nazem Kadri.
2:13 of 3rd period - Shot Misses the Net.
3:00 of 3rd period - Shot by Tomas Tatar.
3:00 of 3rd period - Deflect By Benoit Pouliot.
3:00 of 3rd period - Stopped by Jhonas Enroth without a rebound.
3:01 of 3rd period - Jacob Josefson wins face-off versus Matt Calvert in Sabres zone.
3:43 of 3rd period - Shot by Sean Couturier.
3:43 of 3rd period - Stopped by Jhonas Enroth without a rebound.
3:44 of 3rd period - Tomas Tatar wins face-off versus Nazem Kadri in Sabres zone.
3:45 of 3rd period - Shot by Jaromir Jagr.
3:45 of 3rd period - Stopped by Jhonas Enroth without a rebound.
3:46 of 3rd period - Kyle Turris wins face-off versus Tomas Tatar in Sabres zone.
4:16 of 3rd period - Shot by Tomas Tatar.
4:16 of 3rd period - Shot Misses the Net.
4:18 of 3rd period - Shot by Tomas Tatar.
4:18 of 3rd period - Shot Blocked by Braydon Coburn.
4:28 of 3rd period - Shot by Benoit Pouliot.
4:28 of 3rd period - Stopped by Jhonas Enroth with a rebound.
4:45 of 3rd period - Icing by Alex Goligoski.
4:46 of 3rd period - Zemgus Girgensons wins face-off versus Brayden Schenn in Rangers zone.
5:06 of 3rd period - Icing by Alex Goligoski.
5:07 of 3rd period - Zemgus Girgensons wins face-off versus Jacob Josefson in Rangers zone.
5:17 of 3rd period - Shot by Zemgus Girgensons.
5:17 of 3rd period - Shot Misses the Net.
5:31 of 3rd period - Shot by Kyle Palmieri.
5:31 of 3rd period - Stopped by Brian Elliott without a rebound.
5:32 of 3rd period - Tomas Tatar wins face-off versus Brayden Schenn in Rangers zone.
5:32 of 3rd period - Tomas Tatar is hit by Daniel Winnik.
5:42 of 3rd period - Shot by Jaromir Jagr.
5:42 of 3rd period - Stopped by Jhonas Enroth without a rebound.
5:43 of 3rd period - Kyle Turris wins face-off versus Sean Couturier in Sabres zone.
5:59 of 3rd period - Shot by Kyle Turris.
5:59 of 3rd period - Stopped by Brian Elliott without a rebound.
6:00 of 3rd period - Brayden Schenn wins face-off versus Tomas Tatar in Rangers zone.
6:26 of 3rd period - Shot by Tomas Tatar.
6:26 of 3rd period - Stopped by Jhonas Enroth without a rebound.
6:27 of 3rd period - Kyle Turris wins face-off versus Zemgus Girgensons in Sabres zone.
6:31 of 3rd period - Icing by Thomas Vanek.
6:32 of 3rd period - Zemgus Girgensons wins face-off versus Kyle Turris in Sabres zone.
6:41 of 3rd period - Shot by Tyler Ennis.
6:41 of 3rd period - Shot Misses the Net.
6:47 of 3rd period - Shot by Oliver Ekman-Larsson.
6:47 of 3rd period - Shot Misses the Net.
6:49 of 3rd period - Shot by Nino Niederreiter.
6:49 of 3rd period - Shot Misses the Net.
6:51 of 3rd period - Shot by Kyle Turris.
6:51 of 3rd period - Stopped by Brian Elliott without a rebound.
6:52 of 3rd period - Tomas Tatar wins face-off versus Brayden Schenn in Rangers zone.
7:10 of 3rd period - Shot by Tomas Tatar.
7:10 of 3rd period - Shot Misses the Net.
7:27 of 3rd period - Icing by Josh Gorges.
7:28 of 3rd period - Nazem Kadri wins face-off versus Zemgus Girgensons in Sabres zone.
7:33 of 3rd period - Shot by Mikael Backlund.
7:33 of 3rd period - Goal by Mikael Backlund - Rangers : 4 - Sabres : 1.
7:34 of 3rd period - Zemgus Girgensons wins face-off versus Kyle Turris in neutral zone.
7:53 of 3rd period - Shot by Kyle Turris.
7:53 of 3rd period - Deflect By Nino Niederreiter.
7:53 of 3rd period - Stopped by Brian Elliott without a rebound.
7:54 of 3rd period - Jacob Josefson wins face-off versus Tomas Tatar in Rangers zone.
8:03 of 3rd period - Shot by Kyle Palmieri.
8:03 of 3rd period - Shot Misses the Net.
8:13 of 3rd period - Shot by Kris Versteeg.
8:13 of 3rd period - Stopped by Brian Elliott with a rebound.
8:15 of 3rd period - Shot by Rasmus Ristolainen.
8:15 of 3rd period - Stopped by Brian Elliott without a rebound.
8:16 of 3rd period - Zemgus Girgensons wins face-off versus Kyle Turris in Rangers zone.
8:23 of 3rd period - Off-side.
8:24 of 3rd period - Tomas Tatar wins face-off versus Kyle Turris in neutral zone.
9:59 of 3rd period - Minor Penalty to Zemgus Girgensons for Tripping.
10:00 of 3rd period - Nazem Kadri wins face-off versus Sean Couturier in Rangers zone.
10:29 of 3rd period - Shot by Nazem Kadri.
10:29 of 3rd period - Stopped by Brian Elliott without a rebound.
10:30 of 3rd period - Sean Couturier wins face-off versus Nazem Kadri in Rangers zone.
10:30 of 3rd period - Sean Couturier is hit by Nazem Kadri.
11:27 of 3rd period - Brad Boyes is hit by Karl Alzner and loses puck.
11:42 of 3rd period - Shot by Francois Beauchemin.
11:42 of 3rd period - Shot Misses the Net.
11:44 of 3rd period - Shot by Brayden Schenn.
11:44 of 3rd period - Shot Misses the Net.
11:46 of 3rd period - Shot by Rasmus Ristolainen.
11:46 of 3rd period - Stopped by Brian Elliott without a rebound.
11:47 of 3rd period - Sean Couturier wins face-off versus Kyle Palmieri in Rangers zone.
11:47 of 3rd period - Sean Couturier is hit by Nino Niederreiter.
12:11 of 3rd period - Shot by Tyler Ennis.
12:11 of 3rd period - Shot Blocked by Francois Beauchemin.
12:40 of 3rd period - Josh Gorges is hit by Zemgus Girgensons and loses puck.
13:29 of 3rd period - Shot by Brayden Schenn.
13:29 of 3rd period - Stopped by Brian Elliott without a rebound.
13:30 of 3rd period - Jaromir Jagr wins face-off versus Kyle Turris in Rangers zone.
13:38 of 3rd period - Icing by Kyle Turris.
13:39 of 3rd period - Kyle Turris wins face-off versus Benoit Pouliot in Sabres zone.
13:52 of 3rd period - Shot by Nino Niederreiter.
13:52 of 3rd period - Shot Misses the Net.
14:04 of 3rd period - Shot by Kyle Turris.
14:04 of 3rd period - Shot Blocked by Kris Russell.
14:31 of 3rd period - Icing by Oliver Ekman-Larsson.
14:32 of 3rd period - Sean Couturier wins face-off versus Kyle Turris in Sabres zone.
14:39 of 3rd period - Shot by Matt Calvert.
14:39 of 3rd period - Stopped by Jhonas Enroth with a rebound.
14:45 of 3rd period - Shot by Matt Calvert.
14:45 of 3rd period - Stopped by Jhonas Enroth with a rebound.
14:49 of 3rd period - Shot by Craig Smith.
14:49 of 3rd period - Deflect By Sean Couturier.
14:49 of 3rd period - Shot Misses the Net.
14:51 of 3rd period - Shot by Sean Couturier.
14:51 of 3rd period - Stopped by Jhonas Enroth without a rebound.
14:52 of 3rd period - Brayden Schenn wins face-off versus Brad Richards in Sabres zone.
14:52 of 3rd period - Brayden Schenn is hit by David Jones.
14:59 of 3rd period - Off-side.
15:00 of 3rd period - Sean Couturier wins face-off versus Brayden Schenn in neutral zone.
15:30 of 3rd period - Shot by Daniel Winnik.
15:30 of 3rd period - Deflect By Nazem Kadri.
15:30 of 3rd period - Stopped by Brian Elliott without a rebound.
15:31 of 3rd period - Tomas Tatar wins face-off versus Kris Versteeg in Rangers zone.
15:46 of 3rd period - Shot by Johnny Oduya.
15:46 of 3rd period - Shot Misses the Net.
15:48 of 3rd period - Shot by Kris Versteeg.
15:48 of 3rd period - Shot Misses the Net.
15:50 of 3rd period - Shot by Jacob Josefson.
15:50 of 3rd period - Stopped by Brian Elliott with a rebound.
15:52 of 3rd period - Shot by Rasmus Ristolainen.
15:52 of 3rd period - Shot Blocked by Chris Tanev.
16:12 of 3rd period - Shot by Kyle Palmieri.
16:12 of 3rd period - Stopped by Brian Elliott without a rebound.
16:13 of 3rd period - Kyle Turris wins face-off versus Sean Couturier in Rangers zone.
16:28 of 3rd period - Shot by Nino Niederreiter.
16:28 of 3rd period - Shot Misses the Net.
16:30 of 3rd period - Shot by Oliver Ekman-Larsson.
16:30 of 3rd period - Shot Misses the Net.
16:50 of 3rd period - Shot by Kyle Turris.
16:50 of 3rd period - Shot Blocked by Kris Russell.
17:31 of 3rd period - Icing by Anton Volchenkov.
17:32 of 3rd period - Jacob Josefson wins face-off versus Zemgus Girgensons in Rangers zone.
17:33 of 3rd period - Shot by Kris Versteeg.
17:33 of 3rd period - Stopped by Brian Elliott without a rebound.
17:34 of 3rd period - Tomas Tatar wins face-off versus Jacob Josefson in Rangers zone.
18:02 of 3rd period - Off-side.
18:03 of 3rd period - Tyler Ennis wins face-off versus Kyle Turris in neutral zone.
18:10 of 3rd period - Shot by Mikael Backlund.
18:10 of 3rd period - Stopped by Jhonas Enroth without a rebound.
18:11 of 3rd period - Brayden Schenn wins face-off versus Zemgus Girgensons in Sabres zone.
18:11 of 3rd period - Brayden Schenn is hit by Zemgus Girgensons.
18:14 of 3rd period - Icing by Nazem Kadri.
18:15 of 3rd period - Tomas Tatar wins face-off versus Brayden Schenn in Sabres zone.
18:22 of 3rd period - Shot by Tomas Tatar.
18:22 of 3rd period - Stopped by Jhonas Enroth with a rebound.
18:53 of 3rd period - Shot by Brayden Schenn.
18:53 of 3rd period - Stopped by Brian Elliott without a rebound.
18:54 of 3rd period - Tyler Ennis wins face-off versus Kyle Turris in Rangers zone.
19:03 of 3rd period - Off-side.
19:04 of 3rd period - Sean Couturier wins face-off versus Jacob Josefson in neutral zone.
19:33 of 3rd period - Shot by Josh Gorges.
19:33 of 3rd period - Stopped by Brian Elliott without a rebound.
19:34 of 3rd period - Kyle Turris wins face-off versus Tomas Tatar in Rangers zone.
19:37 of 3rd period - Shot by Thomas Vanek.
19:37 of 3rd period - Shot Blocked by Kris Russell.
19:44 of 3rd period - Icing by Karl Alzner.
19:45 of 3rd period - Brayden Schenn wins face-off versus Tomas Tatar in Rangers zone.
19:56 of 3rd period - Shot by Daniel Winnik.
19:56 of 3rd period - Shot Misses the Net.
19:58 of 3rd period - Shot by Nazem Kadri.
19:58 of 3rd period - Shot Blocked by Kris Russell.
Goals for this period are 2 for Rangers vs 0 for Sabres.
Shots for this period are 14 for Rangers vs 19 for Sabres.